 Dungeon Crawl Stone Soup version 0.20.1-1-g8b1a95d (webtiles) character file.

1097 Internecine the Bolt Thrower (level 8, -4/66 HPs)
             Began as a Purple Draconian Hunter on Oct 4, 2017.
             Was an Initiate of Okawaru.
             Slain by a gnoll
             ... wielding a +2 halberd of venom
              (11 damage)
             ... on level 4 of the Dungeon.
             The game lasted 00:30:51 (3593 turns).

Internecine the Bolt Thrower (DrHu)                 Turns: 3593, Time: 00:30:51

Health: -4/66      AC:  6    Str: 15    XL:     8   Next: 10%
Magic:  11/11      EV: 13    Int: 11    God:    Okawaru [......]
Gold:   169        SH:  0    Dex: 14    Spells: 12/12 levels left

rFire    + . .     SeeInvis .   F - +2 hand axe (venom)
rCold    . . .     Gourm    .   (no shield)
rNeg     . . .     Faith    .   (armour unavailable)
rPois    .         Spirit   .   (helmet restricted)
rElec    .         Reflect  .   m - scarf {cloud immunity}
rCorr    .         Harm     .   (no gloves)
MR       +....                  (no boots)
Stlth    ++........             (no amulet)
Regen    0.3/turn               i - ring of protection from fire
MPRegen  0.2/turn               (no ring)

@: lethally poisoned (-4 -> -15)
A: breathe power, unfitting armour, cold-blooded, AC +6
a: Breathe Dispelling Energy, Renounce Religion


You were on level 4 of the Dungeon.
You worshipped Okawaru.
Okawaru was noncommittal.
You were very hungry.

You visited 2 branches of the dungeon, and saw 5 of its levels.

You collected 169 gold pieces.

Inventory:

Hand Weapons
 a - a +3 hand crossbow
 b - a +0 short sword
 e - a +0 hand axe
 x - a +0 whip of holy wrath
 y - a +0 hunting sling
 z - a +0 whip of flaming
 F - a +2 hand axe of venom (weapon)
Missiles
 c - 30 bolts
 j - 14 sling bullets
 l - 87 arrows
 o - 166 stones (quivered)
 w - 6 javelins
Armour
 m - a scarf of cloud immunity (worn)
Jewellery
 i - a ring of protection from fire (left hand)
Wands
 g - a wand of confusion (0/48)
 s - a wand of iceblast (8/15)
Scrolls
 k - a scroll of fog
 p - a scroll of amnesia {unknown}
 r - 2 scrolls of remove curse
 t - a scroll of noise
 v - 3 scrolls of identify
 A - 2 scrolls of recharging {unknown}
 B - 2 scrolls of magic mapping {unknown}
 G - a scroll of teleportation {unknown}
Potions
 f - 2 potions of might
 h - a potion of brilliance {unknown}
 n - a potion of curing
 u - 2 potions of degeneration {unknown}
 C - a potion of mutation {unknown}
 D - a potion of cancellation {unknown}
 E - a potion of berserk rage {unknown}
 H - a potion of heal wounds {unknown}
Comestibles
 d - 2 bread rations
 q - a royal jelly


   Skills:
 * Level 4.2 Fighting
 * Level 2.2 Axes
 * Level 7.6 Crossbows
 - Level 0.5 Throwing
 * Level 3.2 Dodging
 + Level 1.4 Stealth
 * Level 2.5 Spellcasting


You had 12 spell levels left.
You didn't know any spells.

Dungeon Overview and Level Annotations

Branches:
Dungeon (4/15)             Temple (1/1) D:4

Altars:
Cheibriados
Dithmenos
Elyvilon
Fedhas
Hepliaklqana
Kikubaaqudgha
Makhleb
Okawaru
Sif Muna
Xom
Yredelemnul
The Shining One

Shops:
D:4 *

Annotations:
D:4 Blork the orc


Innate Abilities, Weirdness & Mutations

You can breathe bolts of dispelling energy.
Your rich purple scales are hard. (AC +6)
You cannot fit into any form of body armour.
You are cold-blooded and may be slowed by cold attacks.


Message History

You hit the gnoll.
The gnoll is lightly wounded.
You feel sick.
The gnoll hits you from afar with a spear.
The gnoll closely misses you. The gnoll barely misses you.
The gnoll closely misses you.
You hit the gnoll. You tail-slap the gnoll.
The gnoll is severely wounded.
You feel sick. The gnoll hits you with a whip.
The gnoll hits you from afar with a spear.
The gnoll barely misses you.
You closely miss the gnoll.
You tail-slap the gnoll, but do no damage.
The gnoll is severely wounded.
You feel sick. The gnoll hits you with a whip!
* * * LOW HITPOINT WARNING * * *
The gnoll closely misses you. The gnoll hits you with a whip.
* * * LOW HITPOINT WARNING * * *
The gnoll hits you from afar with a halberd of venom!
You die...

#...........................
###..................#####.#
#......<[..[.......#.....#
#.......[............####.
............................
...#........#g........######.
............gg.......## ##.
....#..#.###g##.....## #..
##.#..#...#@####.###### #..
## ..#.....#.......# #..
#.....##..#.......####..
#####.###.#.............
#.....#.........####..
.####.....................
..........................
>...........#........#.#..
.......................###


You could see 4 gnolls.

Vanquished Creatures
  Pikel (D:4)
  A slave (D:4)
  An ogre (D:4)
  2 howler monkeys (D:4)
  A crimson imp (D:3)
  Jessica (D:3)
  3 iguanas (D:4)
  2 orc wizards (D:4)
  Ijyb (D:3)
  Terence (D:2)
  A worker ant (D:4)
  4 gnolls
  8 adders
  An ooze (D:3)
  2 dart slugs
  5 worms
  7 leopard geckos
  4 orcs
  8 bats
  5 giant cockroaches
  9 goblins
  5 hobgoblins
  11 jackals
  7 kobolds
  A quokka (D:2)
  2 ball pythons
  8 frilled lizards
  6 rats
108 creatures vanquished.

Vanquished Creatures (others)
  A slave (D:4)
  A frilled lizard (D:4)
2 creatures vanquished.

Grand Total: 110 creatures vanquished

Notes
Turn   | Place    | Note
-------+----------+-------------------------------------------
     0 | D:1      | Internecine the Draconian Hunter began the quest for the Orb.
     0 | D:1      | Reached XP level 1. HP: 17/17 MP: 1/1
    80 | D:1      | Reached XP level 2. HP: 25/25 MP: 2/2
   129 | D:1      | Reached skill level 4 in Crossbows
   382 | D:1      | Reached XP level 3. HP: 26/30 MP: 3/3
   976 | D:2      | Noticed Terence
   983 | D:2      | Killed Terence
   983 | D:2      | Reached skill level 5 in Crossbows
   983 | D:2      | Reached XP level 4. HP: 35/37 MP: 4/4
  1048 | D:2      | Reached skill level 1 in Stealth
  1221 | D:2      | Found a deep blue altar of Sif Muna.
  1726 | D:3      | Noticed Ijyb
  1727 | D:3      | Reached XP level 5. HP: 40/44 MP: 5/5
  1813 | D:3      | Killed Ijyb
  2377 | D:3      | Noticed Jessica
  2379 | D:3      | Killed Jessica
  2615 | D:3      | Reached skill level 6 in Crossbows
  2615 | D:3      | Reached XP level 6. HP: 51/51 MP: 6/6
  2874 | D:4      | Found Qasoxzed's Assorted Antiques.
  2890 | D:4      | Reached skill level 1 in Spellcasting
  2920 | D:4      | Reached skill level 1 in Axes
  2921 | D:4      | Your scales start taking on a rich purple colour.
  2921 | D:4      | Reached XP level 7. HP: 25/58 MP: 9/9
  3039 | D:4      | Noticed Blork the orc
  3178 | D:4      | Found a staircase to the Ecumenical Temple.
  3182 | D:4      | Noticed Pikel
  3208 | D:4      | Killed Pikel
  3208 | D:4      | Reached skill level 7 in Crossbows
  3208 | D:4      | Reached XP level 8. HP: 23/66 MP: 9/11
  3497 | Temple   | Entered the Ecumenical Temple
  3506 | Temple   | Became a worshipper of Warmaster Okawaru
  3593 | D:4      | Slain by a gnoll

Skill      XL: |  1  2  3  4  5  6  7 |
---------------+----------------------+-----
Crossbows      | 4 5 6 7 |  7.6
Dodging        | 2 3 |  3.2
Stealth        | 1 |  1.4
Fighting       | 3 4 |  4.2
Spellcasting   | 1 2 |  2.5
Axes           | 1 2 |  2.2
Throwing       | |  0.5

Action                   |  1- 3 |  4- 6 |  7- 9 || total
-------------------------+-------+-------+-------++-------
Melee: Short sword       |       |    20 |       ||    20
       Tailslap          |       |     4 |     6 ||    10
       Whip              |       |     3 |       ||     3
       Hand axe          |       |     2 |    30 ||    32
 Fire: Hand crossbow     |    79 |   163 |    30 ||   272
Throw: Stone             |       |    29 |     1 ||    30
       Javelin           |       |     6 |       ||     6
  Use: Scroll            |       |     8 |       ||     8
       Potion            |       |     2 |       ||     2
  Eat: Chunk             |       |     6 |     1 ||     7
Armor: Skin              |     8 |    35 |     7 ||    50
Dodge: Dodged            |    20 |    93 |    41 ||   154
